 Dungeon Sprint DCSS version 0.26-a0-649-gf8c6c3aab7 (webtiles) character file.

Game seed: 5114817068545924977

11 sahdkjhfkaj the Gusty (level 2, 0/16 HPs)
             Began as a Tengu Air Elementalist on Sept 28, 2020.
             Was an Initiate of Sif Muna.
             Slain by a gnoll
             ... wielding a +0 halberd
              (6 damage)
             ... in the Dungeon (Sprint VII: "The Pits").
             The game lasted 00:00:32 (285 turns).

sahdkjhfkaj the Gusty (Tengu Air Elementalist)       Turns: 285, Time: 00:00:33

Health: 0/16       AC:  2    Str:  8    XL:     2   Next: 25%
Magic:  3/6        EV: 13    Int: 15    God:    Sif Muna [......]
Gold:   0          SH:  0    Dex: 14    Spells: 4/5 levels left

rFire    . . .     SeeInvis .   (no weapon)
rCold    . . .     Faith    .   (no shield)
rNeg     . . .     Spirit   .   a - +0 robe
rPois    .         Reflect  .   (helmet restricted)
rElec    .         Harm     .   (no cloak)
rCorr    .         Rampage  .   (no gloves)
MR       .....     NoTele   +   (boots unavailable)
Stlth    ++........             (no amulet)
HPRegen  0.05/turn              (no ring)
MPRegen  0.10/turn              (no ring)

@: no status effects
A: beak, talons 3
a: Renounce Religion


You were in the Dungeon.
You worshipped Sif Muna.
Sif Muna was noncommittal.
You visited 1 branch

Inventory:

Armour
 a - a +0 robe (worn)
Scrolls
 h - a scroll of blinking
 i - 3 scrolls of remove curse
 j - 5 scrolls of amnesia
 k - a scroll of summoning
 l - 2 scrolls of vulnerability
Potions
 b - 2 potions of berserk rage
 c - a potion of curing
 d - a potion of heal wounds
 e - a potion of haste
 f - 4 potions of magic
 g - 2 potions of invisibility


   Skills:
 + Level 1.3 Fighting
 + Level 2.8 Dodging
 - Level 2.0 Stealth
 + Level 2.4 Spellcasting
 * Level 3.2 Conjurations
 * Level 5.0 Air Magic


You had 4 spell levels left.
You knew the following spells:

 Your Spells              Type           Power        Failure   Level
a - Shock                 Conj/Air       ##..         3%          1

Your spell library contained the following spells:

 Spells                   Type           Power        Failure   Level
 Swiftness                Air            ###.....     4%          2
 Static Discharge         Conj/Air       ##......     12%         3
 Airstrike                Air            ###.......   26%         4
 Lightning Bolt           Conj/Air       ##........   71%         5


Dungeon Overview and Level Annotations

Branches:
Dungeon (1/1)

Altars:
Ashenzari
Cheibriados
Dithmenos
Elyvilon
Fedhas
Gozag
Hepliaklqana
Kikubaaqudgha
Makhleb
Nemelex Xobeh
Okawaru
Qazlal
Ru
Sif Muna
Trog
Uskayaw
Vehumet
Wu Jian
Xom
Yredelemnul
Zin
The Shining One
Beogh
Jiyva
Lugonu


Innate Abilities, Weirdness & Mutations

You have a beak for a mouth.
You have claws for feet.


Message History

The zap misses the ufetubus.
The ufetubus hits you. The ufetubus closely misses you.
There is an open door here.
Casting: Shock (safe; 3% risk of failure)
Confirm with . or Enter, or press ? or * to list all spells.
Aiming: Shock (safe; 3% risk of failure)
Press: ? - help, Shift-Dir - straight line, f/p - ufetubus
Aim: an ufetubus The zap misses the ufetubus.
The ufetubus barely misses you. The ufetubus hits you.
The ufetubus closely misses you. The ufetubus hits you.
Casting: Shock (safe; 3% risk of failure)
Confirm with . or Enter, or press ? or * to list all spells.
Press: ? - help, Shift-Dir - straight line, f - gnoll, p - ufetubus
Aim: a gnoll, wielding a +0 halberd The zap misses the ufetubus.
The zap hits the gnoll.
The gnoll is lightly wounded.
The ufetubus hits you.
The ufetubus hits you but does no damage.
The gnoll hits you from afar with a +0 halberd.
You die...

#_________.#
#_________.#
#_______...###########++
##########'##...........
#..(.')))'.##......#..#.
##########.##...........
#...........÷...........
#+#####†#####......#..#.
#..@5.##...........
#...#g#####'#####++
#####.##.......#
#g##.......#
+.g.'.##.......#
########...<...#
#.......# #.......#
#.......#


You could see a gnoll and an ufetubus.

Vanquished Creatures
  An adder (D)
  A ball python (D)
  A bat (D)
3 creatures vanquished.

Notes
Turn   | Place    | Note
-------+----------+-------------------------------------------
     0 | D        | sahdkjhfkaj the Tengu Air Elementalist began the quest for
                  | the Orb.
     0 | D        | Reached XP level 1. HP: 10/10 MP: 4/4
    17 | D        | Reached skill level 1 in Fighting
    17 | D        | Reached XP level 2. HP: 13/16 MP: 0/6
   207 | D        | Found a bloodstained altar of Trog.
   207 | D        | Found a shimmering blue altar of Sif Muna.
   207 | D        | Found a viscous altar of Jiyva.
   207 | D        | Found a hazy altar of Hepliaklqana.
   207 | D        | Found an opulent altar of Gozag.
   208 | D        | Found a glowing golden altar of the Shining One.
   208 | D        | Found a glowing silver altar of Zin.
   208 | D        | Found a basalt altar of Yredelemnul.
   208 | D        | Found a shimmering altar of Xom.
   208 | D        | Found an ornate altar of the Wu Jian Council.
   208 | D        | Found a sacrificial altar of Ru.
   208 | D        | Found a stormy altar of Qazlal.
   208 | D        | Found an iron altar of Okawaru.
   208 | D        | Found a sparkling altar of Nemelex Xobeh.
   208 | D        | Found a burning altar of Makhleb.
   208 | D        | Found a blossoming altar of Fedhas.
   208 | D        | Found a white marble altar of Elyvilon.
   208 | D        | Found a shadowy altar of Dithmenos.
   208 | D        | Found a snail-covered altar of Cheibriados.
   209 | D        | Found a radiant altar of Vehumet.
   209 | D        | Found a corrupted altar of Lugonu.
   209 | D        | Found a roughly hewn altar of Beogh.
   210 | D        | Found a hide-covered altar of Uskayaw.
   210 | D        | Found an ancient bone altar of Kikubaaqudgha.
   210 | D        | Found a broken altar of Ashenzari.
   213 | D        | Became a worshipper of Sif Muna the Loreminder
   241 | D        | Reached skill level 5 in Air Magic
   285 | D        | Slain by a gnoll

Illustrated notes

Levels and vault maps discovered:
D:        pitsprint [storerooms_1, entrance_room_1, metal_vault_6, armoury_1,
          mini_pit_1, grid_room_1, main_hall_1, silver_pit, the_coven_3,
          the_vestibule_1, steel_vault_2, golden_pit, hallway_of_sentries,
          crystal_vault_5, iron_vault_2, final_vault]

Skill      XL: |  1  2 |
---------------+-------+-----
Fighting       | 1 |  1.3
Conjurations   | 3 |  3.2
Air Magic      | 5 |  5.0
Dodging        | |  2.8
Stealth        | |  2.0
Spellcasting   | |  2.4

Action                   || total
-------------------------++-------
Melee: Unarmed           ||     1
       Kick              ||     1
 Cast: Shock             ||    10
  Use: Potion            ||     1
Armor: Robe              ||     1
Dodge: Dodged            ||     8

Table legend: (Time is in decaauts)
 A = Elapsed time spent in this place.
 B = Non-inter-level travel time spent in this place.
 C = Inter-level travel time spent in this place.
 D = Time resting spent in this place.
 E = Time spent auto-exploring this place.
 F = Levels seen in this place.
 G = Mean time per level.
                   A        B        C        D        E       F      G
               +--------+--------+--------+--------+--------+-----+--------+
         Total |    296 |    296 |      0 |    196 |     34 |   1 |  296.0 |
       Dungeon |    296 |    296 |      0 |    196 |     34 |   1 |  296.0 |
               +--------+--------+--------+--------+--------+-----+--------+

Top non-repeatable levels by time:
       D: 296 daAuts
